 Dungeon Crawl Stone Soup version 0.16.1-30-g34a7ffa (webtiles) character file.

368 CryEE the Basher (level 6, -6/52 HPs)
             Began as a Minotaur Berserker on June 19, 2015.
             Was a Priest of Trog.
             Killed by divine providence
             ... invoked by an orc priest
              (10 damage)
             ... while paralysed
             ... on level 4 of the Dungeon on June 22, 2015.
             The game lasted 00:53:07 (4085 turns).

CryEE the Basher (Minotaur Berserker)               Turns: 4085, Time: 00:53:07

Health: -6/52      AC:  9    Str: 24    XL:     6   Next: 41%
Magic:  3/3        EV:  2    Int:  4    God:    Trog [***...]
Gold:   211        SH:  0    Dex:  9    Spells: 0 memorised, 5 levels left

rFire  . . .     SeeInvis .     y - +0 morningstar
rCold  . . .     Clarity  .     v - +0 chain mail
rNeg   . . .     SustAb   .     w - +0 shield
rPois  .         Gourm    .     (helmet restricted)
rElec  .         Spirit   .     d - +0 cloak
rCorr  .         Warding  .     (no gloves)
rMut   .         Stasis   .     (no boots)
MR     +....                    (no amulet)
Stlth  ..........               (no ring)
                                n - ring of protection from magic

@: paralysed, exhausted, slowed, somewhat resistant to hostile enchantments,
extremely unstealthy
A: retaliatory headbutt, horns 2
a: Burn Spellbooks, Berserk, Trog's Hand, Renounce Religion


You were on level 4 of the Dungeon.
You worshipped Trog.
Trog was most pleased with you.
You were not hungry.

You visited 1 branch of the dungeon, and saw 4 of its levels.

You collected 211 gold pieces.

Inventory:

Hand weapons
 y - a +0 morningstar (weapon)
 A - a cursed -2 halberd
Armour
 b - a +0 animal skin
 d - a +0 cloak (worn)
 r - a +0 leather armour
 v - a +0 chain mail (worn)
 w - a +0 shield (worn)
Jewellery
 n - a ring of protection from magic (left hand)
 C - an uncursed ring of protection from cold {unknown}
Scrolls
 a - a scroll of enchant armour {unknown}
 h - 4 scrolls of remove curse {unknown}
 j - 5 scrolls of identify {unknown}
 l - 2 scrolls of magic mapping {unknown}
 m - a scroll of enchant weapon {unknown}
 o - 2 scrolls of fog {unknown}
 q - a scroll of blinking {unknown}
 s - a scroll of noise {unknown}
 t - a scroll of fear {unknown}
 u - a scroll of recharging {unknown}
 D - a scroll of teleportation {unknown}
Potions
 e - 2 potions of curing {unknown}
 g - a potion of degeneration {unknown}
 i - a potion of ambrosia {unknown}
 k - a potion of restore abilities {unknown}
 p - a potion of agility {unknown}
 x - a potion of brilliance {unknown}
Comestibles
 c - 2 bread rations
 f - 2 beef jerkies
 B - 2 meat rations


   Skills:
 - Level 3.9 Fighting
 + Level 8.6 Maces & Flails
 - Level 2.4 Armour
 - Level 2.1 Dodging


You had 5 spell levels left.
You didn't know any spells.

Dungeon Overview and Level Annotations

Branches:
Dungeon (4/15)
 Temple: D:4-7

Altars:
Nemelex Xobeh
Okawaru


Innate Abilities, Weirdness & Mutations

You reflexively headbutt those who attack you in melee.
You have a pair of horns on your head.


Message History

You finish eating.
That bread ration really hit the spot!
Use which ability? (? or * to list)
A red film seems to cover your vision as you go berserk!
You feel yourself moving faster!
You feel mighty!
You feel somewhat more hungry. The orc barely misses you.
You furiously retaliate!
You headbutt the orc!
You kill the orc!
Trog accepts your kill. The orc priest hits you with a mace.
* * * LOW HITPOINT WARNING * * *
You feel a strong urge to attack something.
The orc priest prays to Beogh.
You feel troubled.
You feel your anger subside.
You are no longer berserk.
You pass out from exhaustion.
You feel yourself slow down.
The orc priest mumbles some strange prayers to Beogh against you.
Something smites you!
You die...

###...## ###..#
......... +....#
......... #....#
....... #....# # #....#
#....# ...##..)†#
#...<# .........#
###..#
.........###+#######..#
........o'o..@........#
##+##...†#............#
######...###+###..#
###'###..##..#
#...'........#
#...#........#
##..##..###..#
#####..####+#
#........#


You could see 2 orc priests.

Vanquished Creatures
  An orc priest (D:3)
  A giant frog skeleton (D:4)
  3 orc wizards
  6 gnolls (D:3)
  7 adders
  5 worms
  An ooze (D:3)
  7 orcs
  2 ball pythons (D:2)
  7 bats
  2 giant cockroaches (D:1)
  4 goblins
  5 hobgoblins
  5 jackals
  8 kobolds
  2 quokkas
  2 giant newts
  8 rats
76 creatures vanquished.

Notes
Turn   | Place    | Note
--------------------------------------------------------------
     0 | D:1      | CryEE, the Minotaur Berserker, began the quest for the Orb.
     0 | D:1      | Reached XP level 1. HP: 19/19 MP: 1/1
   399 | D:1      | Reached skill level 4 in Maces & Flails
   422 | D:1      | Reached XP level 2. HP: 24/27 MP: 1/1
   597 | D:1      | Acquired Trog's second power
   967 | D:2      | Reached XP level 3. HP: 29/33 MP: 2/2
  1209 | D:2      | Reached skill level 5 in Maces & Flails
  1601 | D:2      | Found an iron altar of Okawaru.
  1610 | D:2      | Reached XP level 4. HP: 25/40 MP: 2/2
  1818 | D:2      | Reached skill level 6 in Maces & Flails
  1844 | D:2      | Found a sparkling altar of Nemelex Xobeh.
  2696 | D:3      | Reached XP level 5. HP: 19/46 MP: 2/2
  2700 | D:3      | Reached skill level 7 in Maces & Flails
  3655 | D:3      | Reached skill level 8 in Maces & Flails
  3656 | D:3      | Reached XP level 6. HP: 28/52 MP: 3/3
  4085 | D:4      | Killed from afar by an orc priest

Action                   |  1- 3 |  4- 6 || total
-------------------------+-------+-------++-------
Melee: Mace              |    62 |    28 ||    90
       Unarmed           |     4 |    40 ||    44
       Morningstar       |       |    71 ||    71
Invok: Berserk           |       |     1 ||     1
  Eat: Chunk             |     1 |     2 ||     3
       Meat ration       |       |     1 ||     1
       Bread ration      |       |     1 ||     1
